General information
- name: BNet
- type: Ladder team game (AT/RT)
- host: Battle.net
- saver: Fury_F
map: CentaurGrove
- players: 4
- length: 22:05
- speed: Fast
- version: 1.26 W3XP
- replay type: Public
» download(156 KB)
Players
team 1 (winner)
Fury_F (
green | 104 APM | 2301 actions | 22:05)
5 Death Knight
3 Death Coil
2 Unholy Aura
4 Lich
2 Frost Armor
2 Frost Nova
2 Pit Lord
1 Howl of Terror
1 Cleaving Attack
» actions
| Assign group hotkey | 46 | |
| Basic commands | 234 | |
| Build / train | 84 | |
| ESC pressed | 1 | |
| Enter build submenu | 17 | |
| Enter hero's abilities submenu | 11 | |
| Give item / drop item | 4 | |
| Remove unit from queue | 1 | |
| Right click | 775 | |
| Select / deselect | 497 | |
| Select group hotkey | 429 | |
| Use ability | 202 | |
2301 total
» units
| Acolyte | 5 | |
| Ghoul | 5 | |
| Crypt Fiend | 12 | |
| Obsidian Statue | 8 | |
| Abomination | 2 | |
32 total
» upgrades
| Burrow | 1 | |
| Web | 1 | |
| Destroyer Form | 1 | |
| Creature Attack | 1 | |
| Creature Carapace | 1 | |
5 total
» buildings
| Crypt | 1 | |
| Graveyard | 1 | |
| Altar of Darkness | 1 | |
| Ziggurat | 6 | |
| Tomb of Relics | 1 | |
| Nerubian Tower | 3 | |
| Halls of the Dead | 2 | |
| Slaughterhouse | 2 | |
| Spirit Tower | 1 | |
| Black Citadel | 1 | |
19 total
» build order
00:09 Crypt
00:15 Graveyard
00:44 Altar of Darkness
01:02 Ziggurat
01:37 Tomb of Relics
02:03 Ziggurat
02:12 Nerubian Tower
02:12 Nerubian Tower
02:13 Nerubian Tower
03:57 Halls of the Dead
05:13 Ziggurat
06:28 Slaughterhouse
06:30 Slaughterhouse
07:40 Ziggurat
08:06 Ziggurat
08:35 Spirit Tower
10:11 Black Citadel
14:09 Ziggurat
» items
| Rod of Necromancy | 2 | |
| Dust of Appearance | 2 | |
| Potion of Healing | 3 | |
| Sacrificial Skull | 1 | |
| Scroll of Town Portal | 4 | |
| Potion of Lesser Invulnerability | 1 | |
| Orb of Corruption | 1 | |
| Potion of Mana | 1 | |
15 total
kingguy (
orange | 130 APM | 2862 actions | 22:03)
5 Archmage
3 Summon Water Elemental
2 Brilliance Aura
4 Mountain King
2 Storm Bolt
2 Bash
» actions
| Assign group hotkey | 122 | |
| Basic commands | 9 | |
| Build / train | 91 | |
| ESC pressed | 2 | |
| Enter build submenu | 25 | |
| Enter hero's abilities submenu | 9 | |
| Right click | 1163 | |
| Select / deselect | 471 | |
| Select group hotkey | 830 | |
| Use ability | 140 | |
2862 total
» units
| Peasant | 33 | |
| Footman | 7 | |
| Sorceress | 11 | |
| Spell Breaker | 7 | |
| Priest | 1 | |
| Rifleman | 1 | |
60 total
» upgrades
| Masonry | 1 | |
| Sorceress Training | 1 | |
| Lumber Harvesting | 1 | |
| Long Rifles | 1 | |
4 total
» buildings
| Altar of Kings | 2 | |
| Farm | 9 | |
| Barracks | 1 | |
| Scout Tower | 4 | |
| Arcane Tower | 3 | |
| Keep | 1 | |
| Lumber Mill | 1 | |
| Arcane Vault | 2 | |
| Guard Tower | 1 | |
| Arcane Sanctum | 3 | |
| Town Hall | 1 | |
| Blacksmith | 1 | |
29 total
» build order
00:07 Altar of Kings
00:09 Farm
00:53 Barracks
01:13 Farm
02:52 Scout Tower
03:20 Arcane Tower
03:40 Farm
05:37 Scout Tower
05:58 Arcane Tower
06:16 Keep
06:21 Lumber Mill
06:26 Arcane Vault
06:48 Farm
07:24 Scout Tower
07:59 Guard Tower
08:49 Arcane Sanctum
08:53 Arcane Sanctum
09:27 Farm
11:42 Altar of Kings
14:20 Town Hall
14:28 Arcane Sanctum
14:48 Arcane Vault
15:01 Scout Tower
16:25 Arcane Tower
17:26 Farm
17:28 Farm
17:30 Farm
18:00 Blacksmith
19:51 Farm
» items
| Dust of Appearance | 2 | |
| Boots of Speed | 1 | |
| Potion of Lesser Invulnerability | 1 | |
| Potion of Healing | 1 | |
| Scroll of Town Portal | 3 | |
| Rod of Necromancy | 1 | |
| Scroll of Healing | 1 | |
| Scroll of Regeneration | 1 | |
11 total
team 2 (loser)

»
luckyjey. (
red | 117 APM | 2562 actions | 21:58)
5 Far Seer
3 Feral Spirit
2 Chain Lighting
4 Firelord
2 Summon Lava Spawn
2 Incinerate
» actions
| Assign group hotkey | 299 | |
| Basic commands | 143 | |
| Build / train | 71 | |
| ESC pressed | 2 | |
| Enter build submenu | 13 | |
| Enter hero's abilities submenu | 9 | |
| Give item / drop item | 2 | |
| Right click | 1107 | |
| Select / deselect | 420 | |
| Select group hotkey | 353 | |
| Use ability | 143 | |
2562 total
» units
| Peon | 7 | |
| Grunt | 6 | |
| Raider | 13 | |
| Kodo Beast | 3 | |
| Wind Rider | 4 | |
33 total
» upgrades
| Pillage | 1 | |
| Ensnare | 1 | |
| Melee Weapons | 1 | |
| Armor | 1 | |
| Ranged Weapons | 1 | |
5 total
» buildings
| Altar of Storms | 1 | |
| Orc Burrow | 6 | |
| Barracks | 1 | |
| Stronghold | 1 | |
| Beastiary | 2 | |
| War Mill | 1 | |
| Great Hall | 1 | |
| Voodoo Lounge | 1 | |
14 total
» build order
00:07 Altar of Storms
00:17 Orc Burrow
00:37 Barracks
01:31 Orc Burrow
02:36 Stronghold
04:40 Orc Burrow
04:42 Orc Burrow
05:40 Beastiary
05:41 Beastiary
06:26 War Mill
11:51 Orc Burrow
19:33 Great Hall
20:04 Voodoo Lounge
20:07 Orc Burrow
» items
| Healing Salve | 2 | |
| Lesser Clarity Potion | 2 | |
| Potion of Healing | 1 | |
| Scroll of Protection | 3 | |
| Scroll of Healing | 5 | |
| Dust of Appearance | 1 | |
| Scroll of Town Portal | 2 | |
| Potion of Lesser Invulnerability | 1 | |
17 total
FIRSTACC (
teal | 229 APM | 5049 actions | 22:03)
3 Blademaster
2 Wind Walk
1 Critical Strike
3 Shadow Hunter
1 Hex
2 Healing Wave
» actions
| Assign group hotkey | 38 | |
| Basic commands | 44 | |
| Build / train | 88 | |
| Enter build submenu | 13 | |
| Enter hero's abilities submenu | 6 | |
| Give item / drop item | 3 | |
| Right click | 1886 | |
| Select / deselect | 693 | |
| Select group hotkey | 2188 | |
| Use ability | 90 | |
5049 total
» units
| Peon | 9 | |
| Grunt | 7 | |
| Tauren | 15 | |
| Shaman | 15 | |
46 total
» upgrades
| Shaman Training | 2 | |
| Pulverize | 1 | |
3 total
» buildings
| Altar of Storms | 1 | |
| Orc Burrow | 5 | |
| Voodoo Lounge | 1 | |
| Barracks | 1 | |
| Stronghold | 3 | |
| Fortress | 5 | |
| War Mill | 1 | |
| Spirit Lodge | 1 | |
| Tauren Totem | 2 | |
20 total
» build order
00:10 Altar of Storms
00:18 Orc Burrow
00:44 Voodoo Lounge
01:27 Barracks
01:51 Orc Burrow
03:38 Stronghold
03:38 Stronghold
05:15 Orc Burrow
07:43 Fortress
07:43 Fortress
07:43 Fortress
07:44 Fortress
07:48 Orc Burrow
09:39 War Mill
09:44 Orc Burrow
10:14 Spirit Lodge
11:25 Tauren Totem
11:29 Tauren Totem
» items
| Healing Salve | 2 | |
| Lesser Clarity Potion | 4 | |
| Scroll of Speed | 2 | |
| Orb of Lightning | 1 | |
| Scroll of Town Portal | 1 | |
10 total
Chat log
(00:22 / Allies) Fury_F: 100g ?
(00:34 / Allies) Fury_F: 100g ?
(00:35 / Allies) kingguy: sorry cant
(00:37 / Allies) Fury_F: k
(00:56 / Allies) Fury_F: i hope we win
(01:21 / Allies) kingguy: me melee
(01:25 / Allies) kingguy: footy then breaker
(01:26 / Allies) kingguy: ok?
(01:43 / Allies) Fury_F: k
(01:45 / Allies) Fury_F: sorc
(01:46 / Allies) Fury_F: need too
(01:48 / Allies) Fury_F: orc
(01:56 / Allies) Fury_F: next time
(01:58 / Allies) Fury_F: when you play rt
(01:59 / Allies) Fury_F: scout :D
(02:20 / Allies) Fury_F: care for orc
(04:42 / Allies) Fury_F: coming
(07:41 / Allies) Fury_F: bro
(07:43 / Allies) Fury_F: cant play alone
(07:50 / Allies) kingguy: creep
(07:55 / Allies) kingguy: thy will push
(07:57 / Allies) kingguy: get tower
(08:03 / Allies) kingguy: they got fielord
(08:09 / Allies) kingguy: ake mass
(08:16 / Allies) kingguy: b
(08:17 / Allies) kingguy: b
(08:17 / Allies) kingguy: b
(08:26 / Allies) kingguy: tp
(09:48 / Allies) kingguy: qukck
(09:48 / Allies) Fury_F: go
(09:54 / Allies) Fury_F: i will tp with dk
(09:58 / Allies) Fury_F: when comes ...
(10:02 / Allies) Fury_F: try alone
(10:21 / Allies) Fury_F: call militia bro
(10:38 / Allies) Fury_F: secx
(10:39 / Allies) Fury_F: coming
(10:52 / Allies) Fury_F: go
(11:34 / Allies) kingguy: playted
(11:35 / Allies) kingguy: #got the bm
(12:20 / Allies) Fury_F: need tp
(13:13 / All) Fury_F: nice mh
(13:21 / All) Fury_F: fucking noobs
(14:13 / Allies) Fury_F: fucking retards
(14:18 / All) Fury_F: I will rep[ort you
(14:19 / All) Fury_F: retard
(14:34 / Allies) kingguy: wood
(14:37 / Allies) Fury_F: go fast
(15:25 / Allies) kingguy: bm
(15:25 / Allies) kingguy: b
(16:29 / Allies) Fury_F: go to orc
(16:42 / Allies) Fury_F: you blind or what
(17:16 / Allies) Fury_F: go fast
(17:32 / All) Fury_F: fucking maphacker
(17:37 / All) luckyjey.: u are mh-er 2
(17:44 / All) luckyjey.: lucky my ally newb
(17:49 / All) Fury_F: fucking maphacker
(19:10 / All) Fury_F: reported noob
(19:35 / Allies) Fury_F: come fast
(20:12 / Allies) Fury_F: bro use this mk
(21:09 / Allies) Fury_F: b
(21:31 / All) luckyjey.: yue ye
(21:33 / All) luckyjey.: mh-er
(21:36 / All) Fury_F: fucking noob
(21:37 / All) luckyjey.: -reported
(21:38 / All) Fury_F: shop
(21:38 / All) Fury_F: ward
(21:48 / All) luckyjey.: just my ally idiot
(21:52 / All) luckyjey.: i told him do 2 fs 2 fl
(21:55 / All) Fury_F: yeah but you obviously mher
(21:57 / All) luckyjey.: and he is stupid